 Dungeon Crawl Stone Soup version 0.23-a0-408-g9d4b7ed (webtiles) character file.

4589 nujazz the Fighter (level 10, -13/124 HPs)
             Began as a Demonspawn Berserker on Nov 8, 2018.
             Was an Elder of Trog.
             Killed from afar by a gargoyle (28 damage)
             ... with a stone arrow
             ... on level 8 of the Dungeon.
             The game lasted 00:16:59 (7344 turns).

nujazz the Fighter (Demonspawn Berserker)           Turns: 7344, Time: 00:17:00

Health: -13/124    AC: 22    Str: 27    XL:     10   Next: 18%
Magic:  10/10      EV:  9    Int:  8    God:    Trog [****..]
Gold:   311        SH:  0    Dex: 12    Spells: 9/9 levels left

rFire    . . .     SeeInvis .   z - +0 hand axe (elec)
rCold    . . .     Gourm    .   (no shield)
rNeg     . . .     Faith    .   K - +0 plate armour
rPois    .         Spirit   .   e - +0 helmet
rElec    .         Reflect  .   A - +0 cloak
rCorr    .         Harm     .   J - +2 pair of gloves
MR       .....                  r - +0 pair of boots
Stlth    ..........             (no amulet)
HPRegen  0.30/turn              (no ring)
MPRegen  0.12/turn              (no ring)

@: berserking, very quick
A: hooves 2, thin metallic scales 2, powered by pain 1
a: Berserk, Trog's Hand, Brothers in Arms, Renounce Religion


You were on level 8 of the Dungeon.
You worshipped Trog.
Trog was greatly pleased with you.
You were very hungry.

You visited 1 branch of the dungeon, and saw 8 of its levels.

You collected 407 gold pieces.
You spent 96 gold pieces at shops.

Inventory:

Hand Weapons
 z - a +0 hand axe of electrocution (weapon)
 N - a +0 hunting sling
Missiles
 a - a throwing net (quivered)
 L - 6 needles of sleeping
Armour
 e - a +0 helmet (worn)
 r - a +0 pair of boots (worn)
 A - a +0 cloak (worn)
 J - a +2 pair of gloves (worn)
 K - a +0 plate armour (worn)
Wands
 u - a wand of digging (8)
 E - a wand of flame (15)
 G - a wand of random effects (11)
 I - a wand of acid (7)
Scrolls
 g - 3 scrolls of amnesia {unknown}
 h - 5 scrolls of identify
 i - 2 scrolls of noise {unknown}
 k - 12 scrolls of teleportation
 n - a scroll of enchant armour {unknown}
 o - 7 scrolls of remove curse {unknown}
 p - 2 scrolls of fear {unknown}
 q - 2 scrolls of magic mapping {unknown}
 s - a scroll of random uselessness {unknown}
 t - a scroll of enchant weapon {unknown}
 v - a scroll of fog {unknown}
 D - 2 scrolls of immolation {unknown}
 M - a scroll of blinking {unknown}
Potions
 b - 5 potions of lignification
 d - 2 potions of haste
 f - 3 potions of heal wounds
 j - 5 potions of curing
 l - a potion of might {unknown}
 m - 2 potions of flight {unknown}
 w - a potion of magic {unknown}
 x - a potion of mutation {unknown}
 B - a potion of berserk rage {unknown}
 C - 2 potions of degeneration {unknown}
 F - a potion of experience {unknown}
 H - a potion of resistance {unknown}
Comestibles
 c - 12 rations


   Skills:
 * Level 9.6 Fighting
 * Level 9.0 Axes
 + Level 6.1 Armour
 + Level 3.8 Dodging


You had 9 spell levels left.
You didn't know any spells.
Your spell library contained the following spells:

 Spells                   Type           Power        Failure   Level  Hunger
 Animate Skeleton         Necr           N/A          99%         1    ##.....
 Apportation              Tloc           #.....       99%         1    ##.....
 Confusing Touch          Hex            #.....       99%         1    ##.....
 Magic Dart               Conj           #...         99%         1    ##.....
 Summon Small Mammal      Summ           #...         99%         1    ##.....
 Blink                    Tloc           N/A          100%        2    ###....
 Call Imp                 Summ           #.......     100%        2    ###....
 Slow                     Hex            #.......     100%        2    ###....
 Conjure Flame            Conj/Fire      #.......     100%        3    ####...
 Mephitic Cloud           Conj/Pois/Air  #.......     100%        3    ####...


Dungeon Overview and Level Annotations

Branches:
Dungeon (8/15)             Temple (0/1) D:7
   Lair: D:8-11

Altars:
Cheibriados
Gozag
Nemelex Xobeh
Ru
Trog
Zin
The Shining One

Shops:
D:4 %!

Annotations:
D:8 1 runed door


Innate Abilities, Weirdness & Mutations

You have hoof-like feet.
You are mostly covered in thin metallic scales. (AC +3)
You sometimes gain a little power by taking damage.


Message History

You barely miss the gargoyle.
The gargoyle is heavily damaged.
Your plate armour prevents you from hitting the gargoyle.
The gargoyle is heavily damaged.
You slash the gargoyle!
The gargoyle is severely damaged.
The gargoyle hurls a stone arrow at you.
The stone arrow hits you!
* * * LOW HITPOINT WARNING * * *
You hit the gargoyle but do no damage.
The gargoyle is severely damaged.
The gargoyle hurls a stone arrow at you.
The stone arrow misses you.
You barely miss the gargoyle.
The gargoyle is severely damaged.
You hit the gargoyle.
The gargoyle is almost destroyed.
The gargoyle hurls a stone arrow at you.
The stone arrow hits you!
You die...

#..####
##...###.........
..##
##..##.....##...
..#
#.##.....####.#
..# #.#....###
#.# #......# ###
#.....## #+
####...)##
..8#..#8.....##
+)..9@....##
..8####8.....#
..........†.##
######.......#
#.....†..#
#(..........
#........##...
#.........# ##
#.........##


You could see a gargoyle.

Vanquished Creatures
  Erica (D:8)
  Pikel (D:5)
  A hippogriff (D:8)
  Sigmund (D:4)
  A shadow (D:8)
  Eustachio (D:5)
  Menkaure (D:4)
  An orc warrior (D:8)
  2 slaves (D:5)
  A black bear (D:8)
  3 phantoms
  A sky beast (D:7)
  2 ice beasts
  2 ogres
  2 centaurs
  Blork the orc (D:5)
  A gnoll sergeant (D:7)
  4 bullfrogs
  A wyvern skeleton (D:7)
  A scorpion (D:8)
  5 killer bees (D:8)
  3 jellies
  A howler monkey (D:5)
  A bullfrog zombie (D:8)
  2 crimson imps
  7 hounds
  A centaur skeleton (D:4)
  5 orc priests
  Ijyb (D:5)
  5 worker ants
  An orc wizard (D:4)
  A killer bee zombie (D:7)
  A mummy (D:6)
  3 gnolls
  4 adders
  A shadow imp (D:8)
  An ooze (D:5)
  An adder zombie (D:7)
  2 adder skeletons
  2 worms (D:3)
  A dart slug (D:1)
  A leopard gecko (D:1)
  28 orcs
  2 ball pythons (D:2)
  8 giant cockroaches
  6 goblins
  9 hobgoblins
  17 jackals
  4 quokkas
  3 bats
  6 frilled lizards
  A jackal skeleton (D:4)
  9 kobolds
  A quokka zombie (D:5)
  5 rats
178 creatures vanquished.

Notes
Turn   | Place    | Note
-------+----------+-------------------------------------------
     0 | D:1      | nujazz the Demonspawn Berserker began the quest for the
                  | Orb.
     0 | D:1      | Reached XP level 1. HP: 18/18 MP: 1/1
   383 | D:1      | Gained mutation: You have large cloven feet. [demonic
                  | ancestry]
   383 | D:1      | Reached XP level 2. HP: 24/24 MP: 2/2
   772 | D:1      | Reached XP level 3. HP: 29/29 MP: 3/3
   960 | D:1      | Reached ** piety under Trog
  1444 | D:2      | Found an opulent altar of Gozag.
  1839 | D:2      | Reached XP level 4. HP: 35/37 MP: 4/4
  2250 | D:3      | Found a glowing golden altar of the Shining One.
  2581 | D:3      | Gained mutation: You have hoof-like feet. [demonic
                  | ancestry]
  2581 | D:3      | Reached XP level 5. HP: 38/42 MP: 5/5
  2861 | D:4      | Found Dajibuup's Distillery.
  2872 | D:4      | Bought a potion of curing for 36 gold pieces
  2872 | D:4      | Bought a potion of heal wounds for 60 gold pieces
  3420 | D:4      | Found Wostenydd's Food Emporium.
  3555 | D:4      | Noticed a phantom
  3620 | D:4      | Reached XP level 6. HP: 37/49 MP: 6/6
  3626 | D:4      | Reached skill level 5 in Fighting
  3887 | D:4      | Reached skill level 5 in Axes
  4044 | D:5      | Entered Level 5 of the Dungeon
  4091 | D:5      | Noticed Blork the orc
  4103 | D:5      | Killed Blork the orc
  4103 | D:5      | Reached *** piety under Trog
  4103 | D:5      | Gained mutation: You are partially covered in thin metallic
                  | scales. (AC +2) [demonic ancestry]
  4103 | D:5      | Reached XP level 7. HP: 29/56 MP: 7/7
  4474 | D:4      | Noticed Sigmund
  4481 | D:4      | Killed Sigmund
  4491 | D:4      | Noticed Menkaure
  4501 | D:4      | Killed Menkaure
  4754 | D:5      | Reached XP level 8. HP: 65/65 MP: 8/8
  4825 | D:5      | Noticed Eustachio
  4859 | D:5      | Killed Eustachio
  4882 | D:5      | Noticed Ijyb
  4894 | D:5      | Killed Ijyb
  5119 | D:5      | Noticed Pikel
  5141 | D:5      | Killed Pikel
  5536 | D:6      | Found a snail-covered altar of Cheibriados.
  5605 | D:6      | Reached skill level 5 in Armour
  5605 | D:6      | Gained mutation: You are mostly covered in thin metallic
                  | scales. (AC +3) [demonic ancestry]
  5605 | D:6      | Reached XP level 9. HP: 73/74 MP: 9/9
  6081 | D:7      | Reached **** piety under Trog
  6086 | D:7      | Found a sacrificial altar of Ru.
  6089 | D:7      | Found a bloodstained altar of Trog.
  6097 | D:7      | Found a glowing silver altar of Zin.
  6124 | D:7      | Found a sparkling altar of Nemelex Xobeh.
  6208 | D:7      | Received a gift from Trog
  6209 | D:7      | Found a staircase to the Ecumenical Temple.
  6381 | D:7      | Found a glowing golden altar of the Shining One.
  7117 | D:8      | Noticed Erica
  7161 | D:8      | Killed Erica
  7161 | D:8      | Gained mutation: You sometimes gain a little power by
                  | taking damage. [demonic ancestry]
  7161 | D:8      | Reached XP level 10. HP: 80/83 MP: 10/10
  7292 | D:8      | Noticed a gargoyle
  7293 | D:8      | Found a large runed door.
  7344 | D:8      | Killed from afar by a gargoyle

Vault maps used:
D:1:      lemuel_arrival_broad_hall
D:2:      nicolae_overflow_crystal_walls
D:3:      tso_altar
D:4:      wad_lake_hut, first_ration, serial_shops, shop, shop_fountains,
          corexii_checkpoint_b, uniq_menkaure, uniq_sigmund
D:5:      uniq_pikel, uniq_blork_the_orc, uniq_ijyb, uniq_eustachio
D:6:      slow_altar_2, eino_tiny_chamber, chequers_decorated_corner
D:7:      kennysheep_mini, lemuel_doored_altar, nicolae_overflow_hidden_temple,
          temple_fountains, serial_glass, glass_columns_a, glass_columns_c,
          glass_columns_b, nemelex_spade_bored_becter
D:8:      elyvilon_altar_5, grunt_ogre_cave, jmf_multi_god_temple2, uniq_erica

Skill      XL: |  1  2  3  4  5  6  7  8  9 10 |
---------------+-------------------------------+-----
Axes           | 3 4 5 6 7 8 9 |  9.0
Armour         | 2 3 4 5 6 |  6.1
Fighting       | 4 5 6 8 9 |  9.6
Dodging        | 3 |  3.8

Action                   |  1- 3 |  4- 6 |  7- 9 | 10-12 || total
-------------------------+-------+-------+-------+-------++-------
Melee: Hand axe          |   148 |   148 |   286 |    65 ||   647
       Kick              |    29 |     1 |       |       ||    30
       War axe           |       |    32 |       |       ||    32
Invok: Trog's Hand       |       |     1 |     6 |       ||     7
       Berserk           |       |     1 |     2 |     1 ||     4
  Use: Scroll            |     1 |     2 |       |       ||     3
       Potion            |       |       |     1 |       ||     1
  Eat: Ration            |     1 |     2 |     3 |       ||     6
       Chunk             |       |     2 |     4 |       ||     6
Armor: Scale mail        |    69 |    30 |       |       ||    99
       Chain mail        |       |    51 |    95 |       ||   146
       Plate armour      |       |       |   134 |    30 ||   164
Dodge: Dodged            |    82 |    77 |   115 |    21 ||   295

Table legend:
 A = Non-vault XP
 B = Vault XP
 C = Vault XP percentage of total XP
 D = Non-vault monster count
 E = Vault monster count
 F = Vault count percentage of total count
                 A         B        C        D         E       F
            +---------+---------+-------+---------+---------+-------
      Total |    4023 |    2534 |  38.6 |     163 |      13 |   7.4
            +---------+---------+-------+---------+---------+-------
        D:1 |      57 |       0 |   0.0 |      31 |       0 |   0.0
        D:2 |      89 |       0 |   0.0 |      21 |       0 |   0.0
        D:3 |      57 |       0 |   0.0 |      20 |       0 |   0.0
        D:4 |     498 |     381 |  43.3 |      18 |       4 |  18.2
        D:5 |     563 |     941 |  62.6 |      12 |       4 |  25.0
        D:6 |     412 |      21 |   4.8 |      14 |       1 |   6.7
        D:7 |     788 |       0 |   0.0 |      19 |       0 |   0.0
        D:8 |    1559 |    1191 |  43.3 |      28 |       4 |  12.5
            +---------+---------+-------+---------+---------+-------
